 Dungeon Crawl Stone Soup version 0.22.1-1-ga44c0e5 (webtiles) character file.

86 mandick the Sneak (level 4, -2/35 HPs)
             Began as a Vampire Wanderer on Sept 27, 2018.
             Was an Initiate of Ashenzari.
             Slain by a worker ant (5 damage)
             ... on level 2 of the Dungeon.
             The game lasted 00:12:32 (4952 turns).

mandick the Sneak (Vampire Wanderer)                Turns: 4952, Time: 00:12:32

Health: -2/35      AC:  3    Str: 11    XL:     4   Next: 27%
Magic:  4/4        EV: 12    Int: 17    God:    Ashenzari [......]
Gold:   133        SH:  0    Dex: 11    Spells: 3/3 levels left

rFire    . . .     SeeInvis +   m - -2 dagger (curse)
rCold    + . .     Gourm    .   (no shield)
rNeg     + + .     Faith    .   h - +0 leather armour
rPois    +         Spirit   .   (no helmet)
rElec    .         Reflect  .   (no cloak)
rCorr    .         Harm     .   (no gloves)
MR       .....                  (no boots)
Stlth    ++++......             (no amulet)
HPRegen  0.05/turn              (no ring)
MPRegen  0.09/turn              (no ring)

@: lethally poisoned (-2 -> -9), regenerating slowly
A: fangs 3, see invisible, unbreathing
a: Bat Form, Curse Item, Renounce Religion


You were on level 2 of the Dungeon.
You worshipped Ashenzari.
Ashenzari was noncommittal.
You were near bloodless.

You visited 1 branch of the dungeon, and saw 2 of its levels.

You collected 133 gold pieces.

Inventory:

Hand Weapons
 a - a +2 dagger
 d - a +0 short sword
 i - a cursed -1 hunting sling
 l - a +0 hunting sling
 m - a cursed -2 dagger (weapon)
Missiles
 j - 79 stones (quivered)
 o - 38 sling bullets
Armour
 e - a +0 robe
 h - a +0 leather armour (worn)
 p - a +0 shield
Jewellery
 q - an uncursed ring of stealth
Wands
 g - a wand of digging (12)
Scrolls
 k - a scroll of enchant weapon
 n - 2 scrolls of identify
Potions
 b - a potion of heal wounds
 c - a potion of curing
 f - 7 potions of blood


   Skills:
 + Level 3.4 Fighting
 - Level 1.1 Short Blades
 - Level 1.0 Armour
 + Level 2.7 Dodging
 + Level 7.0 Stealth


You had 3 spell levels left.
You didn't know any spells.
Your spell library was empty.

Dungeon Overview and Level Annotations

Branches:
Dungeon (2/15)

Altars:
Ashenzari
Qazlal


Innate Abilities, Weirdness & Mutations

You heal slowly.
You have razor-sharp teeth.
You have supernaturally acute eyesight. (SInv)
You can survive without breathing.


Message History

You barely miss the worker ant.
The worker ant is moderately wounded.
The worker ant misses you. The worker ant bites you.
You hit the worker ant but do no damage.
The worker ant is moderately wounded.
You feel sick.
The worker ant bites you but does no damage.
You hit the worker ant but do no damage.
The worker ant is moderately wounded.
The worker ant bites you.
* * * LOW HITPOINT WARNING * * *
You barely miss the worker ant.
The worker ant is moderately wounded.
The worker ant bites you.
* * * LOW HITPOINT WARNING * * *
You hit the worker ant.
The worker ant is heavily wounded.
* * * LOW HITPOINT WARNING * * *
You feel sick. The worker ant bites you.
You die...

#.# #.....# #.## #.#
#.###.# #... #.# #.# #.#
#### #.# #.# #.#
#.#######÷# #.#
#%........###.###### #
#..#........#......# .
#..#.#############.# .#
#..#.#..@a.....###.# ...
#..#.#.#######.#...# #.##
#..#.#.# #.#..#..#)
###.#.#.# #.#.##....#.
#...#.#.#######.#.##.####.
#####.#......##.#.#..#⌠..#
#.....#......##.#....#....
###.###.###..##.#.###.....
#.# #.#.....#...#.......


You could see a worker ant.

Vanquished Creatures
  An adder (D:2)
  An ooze (D:1)
  3 leopard geckos
  14 bats
  2 giant cockroaches (D:1)
  8 hobgoblins
  8 jackals
  2 quokkas (D:2)
  A ball python (D:1)
  5 frilled lizards
  4 goblins (D:1)
  6 kobolds
  10 rats
65 creatures vanquished.

Notes
Turn   | Place    | Note
-------+----------+-------------------------------------------
     0 | D:1      | mandick the Vampire Wanderer began the quest for the Orb.
     0 | D:1      | mandick set off with: a +2 dagger, a potion of heal wounds,
                  | a potion of curing, a +0 short sword, a +0 robe, a potion
                  | of blood
     0 | D:1      | Reached XP level 1. HP: 17/17 MP: 1/1
   274 | D:1      | Reached skill level 6 in Stealth
   563 | D:1      | Reached XP level 2. HP: 13/23 MP: 2/2
  1508 | D:1      | Reached XP level 3. HP: 24/29 MP: 3/3
  2422 | D:2      | Found a shattered altar of Ashenzari.
  2940 | D:2      | Became a worshipper of Ashenzari the Shackled
  3126 | D:2      | Reached XP level 4. HP: 29/35 MP: 4/4
  3922 | D:2      | Found a stormy altar of Qazlal.
  4530 | D:2      | Reached skill level 7 in Stealth
  4952 | D:2      | Slain by a worker ant

Skill      XL: |  1  2  3  4 |
---------------+-------------+-----
Stealth        | 6 7 |  7.0
Fighting       | 3 |  3.4
Dodging        | 2 |  2.7
Short Blades   | |  1.1
Armour         | |  1.0

Action                   |  1- 3 |  4- 6 || total
-------------------------+-------+-------++-------
Melee: Dagger            |   221 |   170 ||   391
       Bite              |    12 |    13 ||    25
Throw: Stone             |     1 |       ||     1
  Use: Potion            |     3 |     4 ||     7
       Scroll            |     1 |     2 ||     3
 Stab: Sleeping          |     6 |     2 ||     8
Armor: Robe              |     8 |       ||     8
       Leather armour    |    59 |    86 ||   145
Dodge: Dodged            |   187 |   144 ||   331
